Blue Jackets vs Hurricanes

Created - 16 février 2022 at 16:48

Goals
1 2 3 T
Blue Jackets 3 2 1 6
Hurricanes 1 0 1 2
Shots
1 2 3 T
Blue Jackets 10 4 16 30
Hurricanes 7 14 8 29

GoalsPenalties
1st period
1. Blue Jackets , Steven Stamkos 34 (Ryan O'Reilly 53, Matt Dumba 28) at 0:14
2. Blue Jackets , Steven Stamkos 35 (Ryan O'Reilly 54, David Savard 21) at 4:46 (PP)
3. Hurricanes , Andrew Shaw 3 (Quinn Hughes 38, Neal Pionk 21) at 9:26
4. Blue Jackets , Matt Dumba 9 (Ryan McDonagh 33, Marc-Andre Fleury) at 14:15 (PP)
Neal Pionk (CAR) for Tripping (Minor) at 3:06
Zach Bogosian (CAR) for Holding (Minor) at 13:52
Zach Bogosian (CAR) for Tripping (Minor) at 14:33
2nd period
5. Blue Jackets , Ryan O'Reilly 29 (Marco Scandella 14, Steven Stamkos 36) at 6:17
6. Blue Jackets , Ryan O'Reilly 30 (Ryan McDonagh 34, Steven Stamkos 37) at 13:14
Steven Stamkos (CLB) for Hooking (Minor) at 1:04
Ryan McDonagh (CLB) for Slashing (Minor) at 14:36
3rd period
7. Hurricanes , Alexis Lafreniere 7 (Markus Nutivaara 14) at 3:07
8. Blue Jackets , Ryan O'Reilly 31 (Ryan McDonagh 35, Steven Stamkos 38) at 4:29
Anthony Cirelli (CLB) for Roughing (Minor) at 4:43
Zach Bogosian (CAR) for Tripping (Minor) at 9:02
David Savard (CLB) for Cross-checking (Minor) at 11:31
Goalie Stats
Marc-Andre Fleury (CLB), 27 saves from 29 shots - (0,931), W, 21-24-3, 60:00 minutes
Alex Stalock (CAR), 7 saves from 11 shots - (0,636), L, 2-8-1, 26:17 minutes
Joonas Korpisalo (CAR), 17 saves from 19 shots - (0,895), 33:43 minutes
3 StarsOfficial
1 - Ryan O'Reilly (CLB)
2 - Steven Stamkos (CLB)
3 - Matt Dumba (CLB)
Referees : Greg Kimmerly and Dennis LaRue
Linesman : Bryan Pancich and Mark Wheler
Game Note
Joonas Korpisalo enters game at 6:17 of 2nd period
Ryan O'Reilly has scored a Hat Trick!



Team Name Goals Shots Shots Attemp Shots Blocked PIM HIT PP PK FO%
Blue Jackets 63058158312 / 4 (50%)055%
Hurricanes 22970108220 / 4 (0%)245%

Blue Jackets
Player Name POS G A P +/- PIM HIT SHT SB MP PP MP PP SHT PK MP PK SHT FO% FOT
Alec MartinezD000-1013214:560:0000:2010% 0
Anthony CirelliC000-1221117:082:5700:00064% 22
Anthony ManthaLW/RW000-1010017:092:5700:0000% 1
Artturi LehkonenLW/RW0000001013:550:0003:46033% 3
Cedric PaquetteC/RW0000011113:550:0003:46043% 21
Chris KreiderLW/RW0003032020:383:0410:0000% 2
David SavardD0110220221:283:0804:0100% 0
Erik CernakD000-1060522:323:0804:4800% 0
Marco ScandellaD0110020014:200:0000:0000% 0
Mathieu JosephRW0000010010:090:0000:0000% 0
Matt DumbaD1123061123:342:5313:3400% 0
Matt MartinLW/RW000002004:080:0000:000100% 1
Oliver BjorkstrandLW/RW000-1006021:192:5714:10075% 4
Ryan McDonaghD0333243323:082:5333:0900% 0
Ryan O'ReillyC3253003020:383:0400:00061% 18
Sam CarrickC/RW000000004:080:0000:0000% 0
Steven LorentzC/LW000000108:180:0004:10063% 8
Steven StamkosC/LW/RW2353208020:373:0430:00067% 3
Hurricanes
Player Name POS G A P +/- PIM HIT SHT SB MP PP MP PP SHT PK MP PK SHT FO% FOT
Alexis LafreniereLW101-1002011:050:0000:0000% 1
Andrew CoglianoC/LW0001000011:120:0000:00014% 7
Andrew ShawC/LW/RW1011032011:120:0000:0000% 1
Brian BoyleC/LW000-2020018:594:0703:050100% 1
Chris WagnerC/LW/RW0001010011:120:0000:0000% 0
Curtis LazarC/RW000-1012011:050:0000:000100% 1
Danton HeinenC/LW/RW0000002015:483:4910:000100% 2
Darren HelmC/LW0000023018:443:4902:5600% 1
Josh BaileyC/LW/RW000-2003018:594:0703:05041% 22
Leo KomarovC/LW/RW000-1033014:543:4910:00057% 23
Markus NutivaaraD0111023021:323:5732:4800% 0
Moritz SeiderD000-1020114:450:0000:4500% 0
Neal PionkD011-2233423:423:5922:2800% 0
Nikita GusevLW/RW000-2002018:504:0712:56038% 8
Quinn HughesD011-2000124:283:5903:1300% 0
Ryan MurrayD0001011321:323:5712:4800% 0
Victor RaskC0000001011:590:0000:00044% 16
Zach BogosianD000-1622113:570:0000:0000% 0

Blue Jackets

5 vs 5 Forward
Line #Left WingCenterRight WingPHYDFOFWanted %Time %Time Play
1Chris KreiderRyan O'ReillySteven Stamkos1224038%17:34
2Anthony ManthaAnthony CirelliOliver Bjorkstrand1223431%14:12
3Artturi LehkonenCedric PaquetteMathieu Joseph1221822%10:09
4Matt MartinSteven LorentzSam Carrick12289%4:08
5 vs 5 Defense
Line #DefenseDefensePHYDFOFWanted %Time %Time Play
1Ryan McDonaghMatt Dumba1224037%17:07
2Erik CernakAlec Martinez1223532%14:36
3Marco ScandellaDavid Savard1222531%14:20
4Ryan McDonaghMatt Dumba12200%0:00
Power Play Forward
Line #Left WingCenterRight WingPHYDFOFWanted %Time %Time Play
1Chris KreiderRyan O'ReillySteven Stamkos1226051%3:04
2Oliver BjorkstrandAnthony CirelliAnthony Mantha1224049%2:57
Power Play Defense
Line #DefenseDefensePHYDFOFWanted %Time %Time Play
1Ryan McDonaghMatt Dumba1225048%2:53
2Erik CernakDavid Savard1225052%3:08
Penalty Kill 4 Players Forward
Line #CenterWingPHYDFOFWanted %Time %Time Play
1Cedric PaquetteArtturi Lehkonen1225047%3:46
2Steven LorentzOliver Bjorkstrand1225053%4:10
Penalty Kill 4 Players Defense
Line #DefenseDefensePHYDFOFWanted %Time %Time Play
1Ryan McDonaghMatt Dumba1225039%3:08
2David SavardErik Cernak1225061%4:48
Penalty Kill 3 Players
Line #WingPHYDFOFWanted %Time %Time PlayDefenseDefensePHYDFOFWanted %Time %Time Play
1Cedric Paquette122500%0:00 Ryan McDonaghDavid Savard122500%0:00
2Anthony Cirelli122500%0:00 Matt DumbaErik Cernak122500%0:00
4 vs 4 Forward
Line #CenterWingPHYDFOFWanted %Time %Time Play
1Ryan O'ReillyAnthony Mantha122500%0:00
2Anthony CirelliOliver Bjorkstrand122500%0:00
4 vs 4 Defense
Line #DefensePHYDFOFWanted %Time %Time Play
1Ryan McDonaghDavid Savard122500%0:00
2Matt DumbaErik Cernak122500%0:00
Last Minutes Offensive
Left WingCenterRight WingDefenseDefense
Chris KreiderRyan O'ReillySteven StamkosRyan McDonaghMatt Dumba
Last Minutes Defensive
Left WingCenterRight WingDefenseDefense
Cedric PaquetteAnthony CirelliArtturi LehkonenRyan McDonaghDavid Savard
Time
Total ForwardTotal DefenseLast Minutes OffensiveLast Minutes Defensive
60:00 60:00 0:000:00
Extra Forwards
Normal PowerPlayPenalty Kill
Mathieu Joseph, Steven Stamkos, Oliver BjorkstrandMathieu Joseph, Steven StamkosSteven Stamkos
Extra Defensemen
Normal PowerPlayPenalty Kill
David Savard, Erik Cernak, Matt DumbaRyan McDonagh, Ryan McDonaghMatt Dumba
Penalty Shots
Ryan O'Reilly, Anthony Cirelli, Steven Stamkos, Chris Kreider, Mathieu Joseph
Goalie
Marc-Andre Fleury, John Gibson
Custom OT Lines Forwards
Steven Stamkos, Mathieu Joseph, Anthony Cirelli, Chris Kreider, Ryan O'Reilly, Anthony Mantha, Oliver Bjorkstrand, Artturi Lehkonen, Matt Martin, Steven Lorentz
Custom OT Lines Defensemen
Ryan McDonagh, David Savard, Matt Dumba, Erik Cernak, Alec Martinez
Scratches
Brent Seabrook (Healthy)

Hurricanes

5 vs 5 Forward
Line #Left WingCenterRight WingPHYDFOFWanted %Time %Time Play
1Brian BoyleJosh BaileyNikita Gusev2122626%11:47
2Danton HeinenVictor RaskDarren Helm1222526%11:59
3Chris WagnerAndrew CoglianoAndrew Shaw2212524%11:12
4Alexis LafreniereLeo KomarovCurtis Lazar5002424%11:05
5 vs 5 Defense
Line #DefenseDefensePHYDFOFWanted %Time %Time Play
1Neal PionkQuinn Hughes1223028%12:46
2Ryan MurrayMarkus Nutivaara1223032%14:47
3Zach BogosianMoritz Seider1222430%14:00
4Neal PionkQuinn Hughes1221610%4:30
Power Play Forward
Line #Left WingCenterRight WingPHYDFOFWanted %Time %Time Play
1Brian BoyleJosh BaileyNikita Gusev1225052%4:07
2Danton HeinenLeo KomarovDarren Helm1225048%3:49
Power Play Defense
Line #DefenseDefensePHYDFOFWanted %Time %Time Play
1Neal PionkQuinn Hughes1225050%3:59
2Ryan MurrayMarkus Nutivaara1225050%3:57
Penalty Kill 4 Players Forward
Line #CenterWingPHYDFOFWanted %Time %Time Play
1Josh BaileyBrian Boyle1225051%3:05
2Nikita GusevDarren Helm1225049%2:56
Penalty Kill 4 Players Defense
Line #DefenseDefensePHYDFOFWanted %Time %Time Play
1Neal PionkQuinn Hughes1225053%3:13
2Ryan MurrayMarkus Nutivaara1225047%2:48
Penalty Kill 3 Players
Line #WingPHYDFOFWanted %Time %Time PlayDefenseDefensePHYDFOFWanted %Time %Time Play
1Josh Bailey122500%0:00 Neal PionkQuinn Hughes122500%0:00
2Brian Boyle122500%0:00 Ryan MurrayMarkus Nutivaara122500%0:00
4 vs 4 Forward
Line #CenterWingPHYDFOFWanted %Time %Time Play
1Josh BaileyBrian Boyle122500%0:00
2Nikita GusevDarren Helm122500%0:00
4 vs 4 Defense
Line #DefensePHYDFOFWanted %Time %Time Play
1Neal PionkQuinn Hughes122500%0:00
2Ryan MurrayMarkus Nutivaara122500%0:00
Last Minutes Offensive
Left WingCenterRight WingDefenseDefense
Brian BoyleJosh BaileyNikita GusevNeal PionkQuinn Hughes
Last Minutes Defensive
Left WingCenterRight WingDefenseDefense
Brian BoyleJosh BaileyNikita GusevNeal PionkQuinn Hughes
Time
Total ForwardTotal DefenseLast Minutes OffensiveLast Minutes Defensive
60:00 60:00 0:000:00
Extra Forwards
Normal PowerPlayPenalty Kill
Darren Helm, Andrew Cogliano, Chris WagnerDarren Helm, Andrew CoglianoChris Wagner
Extra Defensemen
Normal PowerPlayPenalty Kill
Zach Bogosian, Moritz Seider, Ryan MurrayZach Bogosian, Moritz SeiderRyan Murray
Penalty Shots
Josh Bailey, Brian Boyle, Nikita Gusev, Darren Helm, Leo Komarov
Goalie
Alex Stalock, Joonas Korpisalo
Custom OT Lines Forwards
Josh Bailey, Brian Boyle, Nikita Gusev, Danton Heinen, Leo Komarov, Darren Helm, Andrew Cogliano, Chris Wagner, Curtis Lazar, Andrew Shaw
Custom OT Lines Defensemen
Neal Pionk, Quinn Hughes, Ryan Murray, Markus Nutivaara, Zach Bogosian
Scratches
Kyle Rau (Healthy), Sonny Milano (Healthy), Cory Schneider (Healthy)


Play-by-Play

1st period


0:01 of 1st period - Nikita Gusev wins face-off versus Ryan O'Reilly in neutral zone.
0:14 of 1st period - Shot by Steven Stamkos.
0:14 of 1st period - Goal by Steven Stamkos - Blue Jackets : 1 - Hurricanes : 0.
0:15 of 1st period - Anthony Cirelli wins face-off versus Victor Rask in neutral zone.
0:57 of 1st period - Icing by Markus Nutivaara.
0:58 of 1st period - Victor Rask wins face-off versus Cedric Paquette in Hurricanes zone.
1:52 of 1st period - Shot by Andrew Shaw.
1:52 of 1st period - Shot Blocked by Matt Dumba.
2:53 of 1st period - Quinn Hughes is hit by Anthony Cirelli and loses puck.
2:58 of 1st period - Curtis Lazar is hit by Anthony Cirelli and loses puck.
3:06 of 1st period - Minor Penalty to Neal Pionk for Tripping.
3:07 of 1st period - Josh Bailey wins face-off versus Anthony Cirelli in Hurricanes zone.
3:07 of 1st period - Josh Bailey is hit by Anthony Mantha.
4:12 of 1st period - Shot by Steven Stamkos.
4:12 of 1st period - Stopped by Alex Stalock with a rebound.
4:14 of 1st period - Shot by Ryan O'Reilly.
4:14 of 1st period - Shot Misses the Net.
4:16 of 1st period - Shot by Chris Kreider.
4:16 of 1st period - Stopped by Alex Stalock without a rebound.
4:17 of 1st period - Nikita Gusev wins face-off versus Anthony Cirelli in Hurricanes zone.
4:27 of 1st period - Off-side.
4:28 of 1st period - Ryan O'Reilly wins face-off versus Darren Helm in neutral zone.
4:30 of 1st period - Erik Cernak is hit by Moritz Seider.
4:46 of 1st period - Shot by Steven Stamkos.
4:46 of 1st period - Goal by Steven Stamkos - Blue Jackets : 2 - Hurricanes : 0.
4:47 of 1st period - Steven Lorentz wins face-off versus Andrew Cogliano in neutral zone.
5:42 of 1st period - Icing by Josh Bailey.
5:43 of 1st period - Anthony Cirelli wins face-off versus Josh Bailey in Hurricanes zone.
5:49 of 1st period - Anthony Mantha is hit by Zach Bogosian and loses puck.
5:58 of 1st period - Shot by Moritz Seider.
5:58 of 1st period - Shot Hit the Post.
6:00 of 1st period - Shot by Nikita Gusev.
6:00 of 1st period - Shot Misses the Net.
6:04 of 1st period - Shot by Josh Bailey.
6:04 of 1st period - Stopped by Marc-Andre Fleury without a rebound.
6:05 of 1st period - Leo Komarov wins face-off versus Ryan O'Reilly in Blue Jackets zone.
7:30 of 1st period - Shot by Nikita Gusev.
7:30 of 1st period - Stopped by Marc-Andre Fleury without a rebound.
7:31 of 1st period - Cedric Paquette wins face-off versus Victor Rask in Blue Jackets zone.
7:31 of 1st period - Cedric Paquette is hit by Darren Helm.
8:55 of 1st period - Shot by Brian Boyle.
8:55 of 1st period - Shot Misses the Net.
9:06 of 1st period - Icing by Marco Scandella.
9:07 of 1st period - Ryan O'Reilly wins face-off versus Andrew Shaw in Blue Jackets zone.
9:26 of 1st period - Shot by Andrew Shaw.
9:26 of 1st period - Goal by Andrew Shaw - Blue Jackets : 2 - Hurricanes : 1.
9:27 of 1st period - Leo Komarov wins face-off versus Anthony Cirelli in neutral zone.
9:47 of 1st period - Shot by Quinn Hughes.
9:47 of 1st period - Shot Misses the Net.
9:49 of 1st period - Shot by Quinn Hughes.
9:49 of 1st period - Shot Blocked by Anthony Cirelli.
9:51 of 1st period - Shot by Leo Komarov.
9:51 of 1st period - Shot Blocked by Alec Martinez.
10:07 of 1st period - Shot by Curtis Lazar.
10:07 of 1st period - Stopped by Marc-Andre Fleury without a rebound.
10:08 of 1st period - Cedric Paquette wins face-off versus Josh Bailey in Blue Jackets zone.
11:01 of 1st period - Matt Dumba is hit by Chris Wagner.
11:37 of 1st period - Shot by Steven Stamkos.
11:37 of 1st period - Shot Blocked by Moritz Seider.
11:39 of 1st period - Shot by Chris Kreider.
11:39 of 1st period - Stopped by Alex Stalock without a rebound.
11:40 of 1st period - Anthony Cirelli wins face-off versus Victor Rask in Hurricanes zone.
11:47 of 1st period - Shot by Anthony Mantha.
11:47 of 1st period - Shot Misses the Net.
12:13 of 1st period - Icing by Neal Pionk.
12:14 of 1st period - Ryan O'Reilly wins face-off versus Victor Rask in Hurricanes zone.
12:19 of 1st period - Shot by Steven Stamkos.
12:19 of 1st period - Shot Misses the Net.
13:37 of 1st period - Shot by Oliver Bjorkstrand.
13:37 of 1st period - Stopped by Alex Stalock without a rebound.
13:38 of 1st period - Matt Martin wins face-off versus Alexis Lafreniere in Hurricanes zone.
13:52 of 1st period - Minor Penalty to Zach Bogosian for Holding.
13:53 of 1st period - Oliver Bjorkstrand wins face-off versus Nikita Gusev in Hurricanes zone.
14:15 of 1st period - Shot by Matt Dumba.
14:15 of 1st period - Goal by Matt Dumba - Blue Jackets : 3 - Hurricanes : 1.
14:16 of 1st period - Andrew Cogliano wins face-off versus Cedric Paquette in neutral zone.
14:33 of 1st period - Shot by Artturi Lehkonen.
14:33 of 1st period - Stopped by Alex Stalock without a rebound.
14:33 of 1st period - Minor Penalty to Zach Bogosian for Tripping.
14:34 of 1st period - Josh Bailey wins face-off versus Ryan O'Reilly in Hurricanes zone.
14:57 of 1st period - Shot by Steven Stamkos.
14:57 of 1st period - Shot Misses the Net.
14:59 of 1st period - Shot by Matt Dumba.
14:59 of 1st period - Shot Blocked by Quinn Hughes.
15:01 of 1st period - Shot by Ryan McDonagh.
15:01 of 1st period - Stopped by Alex Stalock without a rebound.
15:02 of 1st period - Oliver Bjorkstrand wins face-off versus Nikita Gusev in Hurricanes zone.
15:18 of 1st period - Anthony Cirelli is hit by Markus Nutivaara and loses puck.
16:21 of 1st period - Shot by Ryan McDonagh.
16:21 of 1st period - Stopped by Alex Stalock without a rebound.
16:22 of 1st period - Ryan O'Reilly wins face-off versus Nikita Gusev in Hurricanes zone.
16:31 of 1st period - Shot by Matt Dumba.
16:31 of 1st period - Shot Misses the Net.
17:00 of 1st period - Shot by Curtis Lazar.
17:00 of 1st period - Shot Blocked by Erik Cernak.
17:06 of 1st period - Shot by Zach Bogosian.
17:06 of 1st period - Stopped by Marc-Andre Fleury without a rebound.
17:07 of 1st period - Ryan O'Reilly wins face-off versus Andrew Cogliano in Blue Jackets zone.
17:38 of 1st period - Quinn Hughes is hit by Matt Dumba and loses puck.
18:01 of 1st period - Darren Helm is hit by Chris Kreider.
18:15 of 1st period - Shot by Danton Heinen.
18:15 of 1st period - Stopped by Marc-Andre Fleury with a rebound.
18:17 of 1st period - Shot by Darren Helm.
18:17 of 1st period - Shot Misses the Net.
18:21 of 1st period - Shot by Danton Heinen.
18:21 of 1st period - Shot Misses the Net.
18:23 of 1st period - Shot by Darren Helm.
18:23 of 1st period - Stopped by Marc-Andre Fleury without a rebound.
18:24 of 1st period - Josh Bailey wins face-off versus Anthony Cirelli in Blue Jackets zone.
18:29 of 1st period - Shot by Josh Bailey.
18:29 of 1st period - Shot Misses the Net.
19:25 of 1st period - Danton Heinen is hit by Marco Scandella and loses puck.
19:51 of 1st period - Artturi Lehkonen is hit by Neal Pionk and loses puck.
Goals for this period are 3 for Blue Jackets vs 1 for Hurricanes.
Shots for this period are 10 for Blue Jackets vs 7 for Hurricanes.

2nd period


0:01 of 2nd period - Leo Komarov wins face-off versus Anthony Cirelli in neutral zone.
0:03 of 2nd period - Off-side.
0:04 of 2nd period - Leo Komarov wins face-off versus Chris Kreider in neutral zone.
0:06 of 2nd period - Neal Pionk is hit by Matt Dumba and loses puck.
0:14 of 2nd period - Alexis Lafreniere is hit by Ryan McDonagh.
0:19 of 2nd period - Alexis Lafreniere is hit by Matt Dumba and loses puck.
0:28 of 2nd period - Shot by Leo Komarov.
0:28 of 2nd period - Stopped by Marc-Andre Fleury with a rebound.
0:33 of 2nd period - Curtis Lazar is hit by Matt Dumba and loses puck.
0:37 of 2nd period - Leo Komarov is hit by Ryan McDonagh and loses puck.
1:00 of 2nd period - Ryan Murray is hit by Chris Kreider and loses puck.
1:04 of 2nd period - Minor Penalty to Steven Stamkos for Hooking.
1:05 of 2nd period - Brian Boyle wins face-off versus Cedric Paquette in Blue Jackets zone.
1:05 of 2nd period - Brian Boyle is hit by Erik Cernak.
1:11 of 2nd period - Shot by Ryan Murray.
1:11 of 2nd period - Shot Blocked by Cedric Paquette.
1:13 of 2nd period - Shot by Ryan Murray.
1:13 of 2nd period - Shot Blocked by David Savard.
1:15 of 2nd period - Shot by Ryan Murray.
1:15 of 2nd period - Deflect By Nikita Gusev.
1:15 of 2nd period - Stopped by Marc-Andre Fleury with a rebound.
1:17 of 2nd period - Shot by Markus Nutivaara.
1:17 of 2nd period - Shot Misses the Net.
1:19 of 2nd period - Shot by Brian Boyle.
1:19 of 2nd period - Shot Misses the Net.
1:21 of 2nd period - Shot by Brian Boyle.
1:21 of 2nd period - Shot Misses the Net.
2:20 of 2nd period - Shot by Quinn Hughes.
2:20 of 2nd period - Shot Blocked by David Savard.
2:50 of 2nd period - Shot by Josh Bailey.
2:50 of 2nd period - Shot Misses the Net.
2:52 of 2nd period - Shot by Markus Nutivaara.
2:52 of 2nd period - Stopped by Marc-Andre Fleury without a rebound.
2:53 of 2nd period - Steven Lorentz wins face-off versus Josh Bailey in Blue Jackets zone.
3:21 of 2nd period - Steven Stamkos is hit by Andrew Shaw and loses puck.
3:25 of 2nd period - Ryan O'Reilly is hit by Zach Bogosian and loses puck.
4:15 of 2nd period - Off-side.
4:16 of 2nd period - Cedric Paquette wins face-off versus Victor Rask in neutral zone.
4:19 of 2nd period - Victor Rask is hit by Cedric Paquette and loses puck.
4:36 of 2nd period - Shot by Victor Rask.
4:36 of 2nd period - Shot Misses the Net.
5:28 of 2nd period - Off-side.
5:29 of 2nd period - Leo Komarov wins face-off versus Anthony Mantha in neutral zone.
5:47 of 2nd period - Icing by Anthony Mantha.
5:48 of 2nd period - Anthony Cirelli wins face-off versus Josh Bailey in Blue Jackets zone.
6:03 of 2nd period - Shot by Josh Bailey.
6:03 of 2nd period - Shot Hit the Post.
6:05 of 2nd period - Shot by Josh Bailey.
6:05 of 2nd period - Shot Misses the Net.
6:07 of 2nd period - Shot by Brian Boyle.
6:07 of 2nd period - Shot Blocked by Erik Cernak.
6:09 of 2nd period - Shot by Josh Bailey.
6:09 of 2nd period - Stopped by Marc-Andre Fleury without a rebound.
6:10 of 2nd period - Ryan O'Reilly wins face-off versus Leo Komarov in Blue Jackets zone.
6:17 of 2nd period - Shot by Ryan O'Reilly.
6:17 of 2nd period - Goal by Ryan O'Reilly - Blue Jackets : 4 - Hurricanes : 1.
6:17 of 2nd period - Joonas Korpisalo enters game.
6:18 of 2nd period - Leo Komarov wins face-off versus Steven Stamkos in neutral zone.
6:33 of 2nd period - Shot by Curtis Lazar.
6:33 of 2nd period - Shot Hit the Post.
6:39 of 2nd period - Shot by Neal Pionk.
6:39 of 2nd period - Stopped by Marc-Andre Fleury without a rebound.
6:40 of 2nd period - Anthony Cirelli wins face-off versus Josh Bailey in Blue Jackets zone.
7:19 of 2nd period - Alec Martinez is hit by Markus Nutivaara.
9:57 of 2nd period - Shot by Alec Martinez.
9:57 of 2nd period - Shot Blocked by Neal Pionk.
10:34 of 2nd period - Moritz Seider is hit by Erik Cernak and loses puck.
10:37 of 2nd period - Shot by Zach Bogosian.
10:37 of 2nd period - Shot Misses the Net.
10:39 of 2nd period - Shot by Andrew Shaw.
10:39 of 2nd period - Stopped by Marc-Andre Fleury with a rebound.
10:41 of 2nd period - Shot by Zach Bogosian.
10:41 of 2nd period - Stopped by Marc-Andre Fleury without a rebound.
10:42 of 2nd period - Leo Komarov wins face-off versus Anthony Cirelli in Blue Jackets zone.
11:01 of 2nd period - Anthony Cirelli is hit by Leo Komarov and loses puck.
11:12 of 2nd period - Shot by Curtis Lazar.
11:12 of 2nd period - Stopped by Marc-Andre Fleury without a rebound.
11:13 of 2nd period - Steven Stamkos wins face-off versus Andrew Cogliano in Blue Jackets zone.
11:33 of 2nd period - Shot by Steven Stamkos.
11:33 of 2nd period - Stopped by Joonas Korpisalo without a rebound.
11:34 of 2nd period - Leo Komarov wins face-off versus Artturi Lehkonen in Hurricanes zone.
11:49 of 2nd period - Shot by Alexis Lafreniere.
11:49 of 2nd period - Stopped by Marc-Andre Fleury without a rebound.
11:50 of 2nd period - Anthony Cirelli wins face-off versus Andrew Cogliano in Blue Jackets zone.
11:50 of 2nd period - Anthony Cirelli is hit by Andrew Shaw.
11:58 of 2nd period - Shot by Anthony Cirelli.
11:58 of 2nd period - Shot Misses the Net.
12:00 of 2nd period - Shot by David Savard.
12:00 of 2nd period - Shot Blocked by Neal Pionk.
12:02 of 2nd period - Shot by Oliver Bjorkstrand.
12:02 of 2nd period - Shot Misses the Net.
12:17 of 2nd period - Anthony Cirelli is hit by Neal Pionk.
12:29 of 2nd period - Shot by Oliver Bjorkstrand.
12:29 of 2nd period - Shot Misses the Net.
12:31 of 2nd period - Shot by Marco Scandella.
12:31 of 2nd period - Shot Misses the Net.
12:33 of 2nd period - Shot by Marco Scandella.
12:33 of 2nd period - Shot Blocked by Neal Pionk.
12:45 of 2nd period - Icing by Ryan McDonagh.
12:46 of 2nd period - Ryan O'Reilly wins face-off versus Leo Komarov in Blue Jackets zone.
12:56 of 2nd period - Shot by Ryan O'Reilly.
12:56 of 2nd period - Shot Misses the Net.
13:12 of 2nd period - Shot by Ryan McDonagh.
13:12 of 2nd period - Shot Misses the Net.
13:14 of 2nd period - Shot by Ryan O'Reilly.
13:14 of 2nd period - Goal by Ryan O'Reilly - Blue Jackets : 5 - Hurricanes : 1.
13:15 of 2nd period - Victor Rask wins face-off versus Cedric Paquette in neutral zone.
13:25 of 2nd period - Icing by Erik Cernak.
13:26 of 2nd period - Nikita Gusev wins face-off versus Cedric Paquette in Blue Jackets zone.
13:26 of 2nd period - Nikita Gusev is hit by Erik Cernak.
13:28 of 2nd period - Shot by Josh Bailey.
13:28 of 2nd period - Stopped by Marc-Andre Fleury without a rebound.
13:29 of 2nd period - Victor Rask wins face-off versus Ryan O'Reilly in Blue Jackets zone.
14:06 of 2nd period - Danton Heinen is hit by Matt Dumba and loses puck.
14:34 of 2nd period - Alexis Lafreniere is hit by Matt Dumba and loses puck.
14:36 of 2nd period - Minor Penalty to Ryan McDonagh for Slashing.
14:37 of 2nd period - Steven Lorentz wins face-off versus Josh Bailey in Blue Jackets zone.
15:44 of 2nd period - Shot by Markus Nutivaara.
15:44 of 2nd period - Shot Blocked by Erik Cernak.
15:46 of 2nd period - Shot by Leo Komarov.
15:46 of 2nd period - Shot Misses the Net.
15:48 of 2nd period - Shot by Leo Komarov.
15:48 of 2nd period - Stopped by Marc-Andre Fleury without a rebound.
15:49 of 2nd period - Leo Komarov wins face-off versus Cedric Paquette in Blue Jackets zone.
16:00 of 2nd period - Shot by Markus Nutivaara.
16:00 of 2nd period - Stopped by Marc-Andre Fleury without a rebound.
16:01 of 2nd period - Cedric Paquette wins face-off versus Josh Bailey in Blue Jackets zone.
16:08 of 2nd period - Shot by Alec Martinez.
16:08 of 2nd period - Stopped by Joonas Korpisalo without a rebound.
16:09 of 2nd period - Cedric Paquette wins face-off versus Leo Komarov in Hurricanes zone.
16:30 of 2nd period - Shot by Markus Nutivaara.
16:30 of 2nd period - Stopped by Marc-Andre Fleury without a rebound.
16:31 of 2nd period - Josh Bailey wins face-off versus Cedric Paquette in Blue Jackets zone.
16:41 of 2nd period - Icing by Erik Cernak.
16:42 of 2nd period - Curtis Lazar wins face-off versus Ryan O'Reilly in Blue Jackets zone.
17:08 of 2nd period - Off-side.
17:09 of 2nd period - Anthony Cirelli wins face-off versus Andrew Cogliano in neutral zone.
17:15 of 2nd period - Andrew Shaw is hit by Ryan McDonagh.
17:34 of 2nd period - Off-side.
17:35 of 2nd period - Ryan O'Reilly wins face-off versus Josh Bailey in neutral zone.
18:11 of 2nd period - Josh Bailey is hit by Alec Martinez.
18:19 of 2nd period - Ryan O'Reilly is hit by Brian Boyle and loses puck.
18:48 of 2nd period - Shot by Ryan Murray.
18:48 of 2nd period - Shot Misses the Net.
18:52 of 2nd period - Shot by Darren Helm.
18:52 of 2nd period - Stopped by Marc-Andre Fleury without a rebound.
18:53 of 2nd period - Leo Komarov wins face-off versus Artturi Lehkonen in Blue Jackets zone.
18:53 of 2nd period - Moritz Seider is hit by David Savard and loses puck.
Goals for this period are 2 for Blue Jackets vs 0 for Hurricanes.
Shots for this period are 4 for Blue Jackets vs 14 for Hurricanes.

3rd period


0:01 of 3rd period - Anthony Cirelli wins face-off versus Victor Rask in neutral zone.
0:10 of 3rd period - Shot by Oliver Bjorkstrand.
0:10 of 3rd period - Stopped by Joonas Korpisalo with a rebound.
0:40 of 3rd period - Shot by Oliver Bjorkstrand.
0:40 of 3rd period - Shot Misses the Net.
0:42 of 3rd period - Shot by Anthony Cirelli.
0:42 of 3rd period - Stopped by Joonas Korpisalo without a rebound.
0:43 of 3rd period - Ryan O'Reilly wins face-off versus Andrew Cogliano in Hurricanes zone.
0:58 of 3rd period - Shot by Alec Martinez.
0:58 of 3rd period - Stopped by Joonas Korpisalo without a rebound.
0:59 of 3rd period - Cedric Paquette wins face-off versus Josh Bailey in Hurricanes zone.
1:12 of 3rd period - Shot by Cedric Paquette.
1:12 of 3rd period - Stopped by Joonas Korpisalo with a rebound.
1:18 of 3rd period - Cedric Paquette is hit by Brian Boyle and loses puck.
2:50 of 3rd period - Icing by Alec Martinez.
2:51 of 3rd period - Anthony Cirelli wins face-off versus Leo Komarov in Blue Jackets zone.
3:05 of 3rd period - Shot by Alexis Lafreniere.
3:05 of 3rd period - Shot Misses the Net.
3:07 of 3rd period - Shot by Alexis Lafreniere.
3:07 of 3rd period - Goal by Alexis Lafreniere - Blue Jackets : 5 - Hurricanes : 2.
3:08 of 3rd period - Ryan O'Reilly wins face-off versus Victor Rask in neutral zone.
3:23 of 3rd period - Shot by Chris Kreider.
3:23 of 3rd period - Shot Blocked by Zach Bogosian.
3:25 of 3rd period - Shot by Steven Stamkos.
3:25 of 3rd period - Stopped by Joonas Korpisalo without a rebound.
3:26 of 3rd period - Leo Komarov wins face-off versus Steven Lorentz in Hurricanes zone.
3:26 of 3rd period - Leo Komarov is hit by Matt Martin.
3:32 of 3rd period - Ryan McDonagh is hit by Leo Komarov and loses puck.
3:39 of 3rd period - Shot by Steven Lorentz.
3:39 of 3rd period - Stopped by Joonas Korpisalo without a rebound.
3:40 of 3rd period - Anthony Cirelli wins face-off versus Josh Bailey in Hurricanes zone.
3:45 of 3rd period - Shot by Oliver Bjorkstrand.
3:45 of 3rd period - Stopped by Joonas Korpisalo without a rebound.
3:46 of 3rd period - Anthony Cirelli wins face-off versus Leo Komarov in Hurricanes zone.
3:51 of 3rd period - Shot by Oliver Bjorkstrand.
3:51 of 3rd period - Stopped by Joonas Korpisalo without a rebound.
3:52 of 3rd period - Anthony Cirelli wins face-off versus Victor Rask in Hurricanes zone.
3:55 of 3rd period - Shot by Oliver Bjorkstrand.
3:55 of 3rd period - Stopped by Joonas Korpisalo without a rebound.
3:56 of 3rd period - Ryan O'Reilly wins face-off versus Josh Bailey in Hurricanes zone.
4:23 of 3rd period - Shot by Ryan O'Reilly.
4:23 of 3rd period - Deflect By Steven Stamkos.
4:23 of 3rd period - Stopped by Joonas Korpisalo with a rebound.
4:25 of 3rd period - Shot by Ryan McDonagh.
4:25 of 3rd period - Shot Misses the Net.
4:27 of 3rd period - Shot by Ryan O'Reilly.
4:27 of 3rd period - Shot Misses the Net.
4:29 of 3rd period - Shot by Ryan O'Reilly.
4:29 of 3rd period - Goal by Ryan O'Reilly - Blue Jackets : 6 - Hurricanes : 2.
4:30 of 3rd period - Oliver Bjorkstrand wins face-off versus Victor Rask in neutral zone.
4:43 of 3rd period - Minor Penalty to Anthony Cirelli for Roughing.
4:44 of 3rd period - Leo Komarov wins face-off versus Cedric Paquette in Blue Jackets zone.
4:45 of 3rd period - Shot by Ryan Murray.
4:45 of 3rd period - Shot Blocked by Erik Cernak.
4:47 of 3rd period - Shot by Ryan Murray.
4:47 of 3rd period - Stopped by Marc-Andre Fleury without a rebound.
4:48 of 3rd period - Leo Komarov wins face-off versus Cedric Paquette in Blue Jackets zone.
4:51 of 3rd period - Shot by Neal Pionk.
4:51 of 3rd period - Shot Misses the Net.
5:17 of 3rd period - Icing by Leo Komarov.
5:18 of 3rd period - Steven Lorentz wins face-off versus Leo Komarov in Hurricanes zone.
5:57 of 3rd period - Shot by Ryan Murray.
5:57 of 3rd period - Shot Misses the Net.
7:00 of 3rd period - Andrew Cogliano is hit by Ryan McDonagh and loses puck.
7:23 of 3rd period - Ryan McDonagh is hit by Andrew Shaw.
7:53 of 3rd period - Alec Martinez is hit by Curtis Lazar and loses puck.
8:20 of 3rd period - Shot by Artturi Lehkonen.
8:20 of 3rd period - Shot Blocked by Ryan Murray.
8:33 of 3rd period - Danton Heinen is hit by Marco Scandella and loses puck.
8:53 of 3rd period - Icing by David Savard.
8:54 of 3rd period - Anthony Cirelli wins face-off versus Nikita Gusev in Blue Jackets zone.
9:02 of 3rd period - Minor Penalty to Zach Bogosian for Tripping.
9:03 of 3rd period - Josh Bailey wins face-off versus Ryan O'Reilly in Hurricanes zone.
9:03 of 3rd period - Josh Bailey is hit by Chris Kreider.
9:18 of 3rd period - Shot by Ryan O'Reilly.
9:18 of 3rd period - Deflect By Steven Stamkos.
9:18 of 3rd period - Stopped by Joonas Korpisalo without a rebound.
9:19 of 3rd period - Anthony Cirelli wins face-off versus Nikita Gusev in Hurricanes zone.
9:20 of 3rd period - Shot by Oliver Bjorkstrand.
9:20 of 3rd period - Stopped by Joonas Korpisalo without a rebound.
9:21 of 3rd period - Josh Bailey wins face-off versus Ryan O'Reilly in Hurricanes zone.
9:53 of 3rd period - Steven Stamkos is hit by Neal Pionk and loses puck.
10:28 of 3rd period - Shot by Oliver Bjorkstrand.
10:28 of 3rd period - Deflect By Anthony Mantha.
10:28 of 3rd period - Shot Misses the Net.
10:30 of 3rd period - Shot by Anthony Cirelli.
10:30 of 3rd period - Shot Blocked by Ryan Murray.
10:32 of 3rd period - Shot by Ryan McDonagh.
10:32 of 3rd period - Stopped by Joonas Korpisalo without a rebound.
10:33 of 3rd period - Josh Bailey wins face-off versus Oliver Bjorkstrand in Hurricanes zone.
11:11 of 3rd period - Shot by Matt Martin.
11:11 of 3rd period - Shot Misses the Net.
11:16 of 3rd period - Steven Lorentz is hit by Moritz Seider and loses puck.
11:23 of 3rd period - Shot by Matt Martin.
11:23 of 3rd period - Shot Misses the Net.
11:25 of 3rd period - Shot by Alec Martinez.
11:25 of 3rd period - Stopped by Joonas Korpisalo without a rebound.
11:26 of 3rd period - Victor Rask wins face-off versus Cedric Paquette in Hurricanes zone.
11:30 of 3rd period - Ryan Murray is hit by David Savard.
11:31 of 3rd period - Minor Penalty to David Savard for Cross-checking.
11:32 of 3rd period - Cedric Paquette wins face-off versus Leo Komarov in Blue Jackets zone.
11:41 of 3rd period - Artturi Lehkonen is hit by Leo Komarov and loses puck.
11:52 of 3rd period - Shot by Ryan Murray.
11:52 of 3rd period - Deflect By Danton Heinen.
11:52 of 3rd period - Stopped by Marc-Andre Fleury without a rebound.
11:53 of 3rd period - Steven Lorentz wins face-off versus Josh Bailey in Blue Jackets zone.
12:01 of 3rd period - Quinn Hughes is hit by Erik Cernak and loses puck.
12:10 of 3rd period - Shot by Nikita Gusev.
12:10 of 3rd period - Shot Blocked by Ryan McDonagh.
12:12 of 3rd period - Shot by Brian Boyle.
12:12 of 3rd period - Shot Blocked by Ryan McDonagh.
12:14 of 3rd period - Shot by Neal Pionk.
12:14 of 3rd period - Shot Blocked by Ryan McDonagh.
12:16 of 3rd period - Shot by Neal Pionk.
12:16 of 3rd period - Stopped by Marc-Andre Fleury without a rebound.
12:17 of 3rd period - Cedric Paquette wins face-off versus Leo Komarov in Blue Jackets zone.
12:30 of 3rd period - Off-side.
12:31 of 3rd period - Josh Bailey wins face-off versus Steven Lorentz in neutral zone.
12:50 of 3rd period - Shot by Neal Pionk.
12:50 of 3rd period - Stopped by Marc-Andre Fleury without a rebound.
12:51 of 3rd period - Danton Heinen wins face-off versus Cedric Paquette in Blue Jackets zone.
12:54 of 3rd period - Shot by Markus Nutivaara.
12:54 of 3rd period - Shot Misses the Net.
12:56 of 3rd period - Shot by Leo Komarov.
12:56 of 3rd period - Shot Misses the Net.
13:15 of 3rd period - Off-side.
13:16 of 3rd period - Artturi Lehkonen wins face-off versus Josh Bailey in neutral zone.
14:08 of 3rd period - Shot by Andrew Cogliano.
14:08 of 3rd period - Shot Misses the Net.
14:46 of 3rd period - Shot by Oliver Bjorkstrand.
14:46 of 3rd period - Deflect By Anthony Mantha.
14:46 of 3rd period - Shot Blocked by Neal Pionk.
15:15 of 3rd period - Off-side.
15:16 of 3rd period - Danton Heinen wins face-off versus Cedric Paquette in neutral zone.
15:16 of 3rd period - Danton Heinen is hit by Mathieu Joseph.
15:23 of 3rd period - Alec Martinez is hit by Ryan Murray and loses puck.
15:29 of 3rd period - Icing by Ryan Murray.
15:30 of 3rd period - Victor Rask wins face-off versus Steven Lorentz in Hurricanes zone.
15:30 of 3rd period - Victor Rask is hit by Matt Martin.
15:39 of 3rd period - Markus Nutivaara is hit by Erik Cernak and loses puck.
15:48 of 3rd period - Shot by Ryan Murray.
15:48 of 3rd period - Shot Misses the Net.
15:50 of 3rd period - Shot by Victor Rask.
15:50 of 3rd period - Shot Blocked by Erik Cernak.
15:52 of 3rd period - Shot by Danton Heinen.
15:52 of 3rd period - Shot Hit the Post.
15:54 of 3rd period - Shot by Darren Helm.
15:54 of 3rd period - Stopped by Marc-Andre Fleury without a rebound.
15:55 of 3rd period - Steven Stamkos wins face-off versus Leo Komarov in Blue Jackets zone.
16:23 of 3rd period - Shot by Leo Komarov.
16:23 of 3rd period - Stopped by Marc-Andre Fleury without a rebound.
16:24 of 3rd period - Josh Bailey wins face-off versus Anthony Cirelli in Blue Jackets zone.
17:06 of 3rd period - Off-side.
17:07 of 3rd period - Victor Rask wins face-off versus Chris Kreider in neutral zone.
17:18 of 3rd period - Shot by Victor Rask.
17:18 of 3rd period - Shot Blocked by Alec Martinez.
17:23 of 3rd period - Darren Helm is hit by Erik Cernak and loses puck.
17:28 of 3rd period - Shot by Victor Rask.
17:28 of 3rd period - Stopped by Marc-Andre Fleury without a rebound.
17:29 of 3rd period - Cedric Paquette wins face-off versus Leo Komarov in Blue Jackets zone.
19:00 of 3rd period - Shot by Steven Stamkos.
19:00 of 3rd period - Stopped by Joonas Korpisalo without a rebound.
19:01 of 3rd period - Victor Rask wins face-off versus Anthony Cirelli in Hurricanes zone.
19:38 of 3rd period - Shot by Alec Martinez.
19:38 of 3rd period - Shot Blocked by Ryan Murray.
19:40 of 3rd period - Shot by Anthony Cirelli.
19:40 of 3rd period - Shot Misses the Net.
19:56 of 3rd period - Marco Scandella is hit by Darren Helm and loses puck.
Goals for this period are 1 for Blue Jackets vs 1 for Hurricanes.
Shots for this period are 16 for Blue Jackets vs 8 for Hurricanes.